 Dungeon Crawl Stone Soup version 0.31-a0-165-g3f4f80340b (webtiles) character file.

Game seed: 9640188531451083838

19925 qw the Cleaver (level 12, -2/77 HPs)
             Began as a Gargoyle Fighter on June 13, 2023.
             Was a High Priest of Okawaru.
             Slain by a yak (6 damage)
             ... on level 3 of the Lair of Beasts.
             The game lasted 00:05:25 (10669 turns).

qw the Cleaver (Gargoyle Fighter)                  Turns: 10669, Time: 00:05:25

Health: -2/77      AC: 33    Str: 27    XL:     12   Next: 74%
Magic:  19/19      EV:  9    Int: 15    God:    Okawaru [*****.]
Gold:   474        SH:  6    Dex:  9    Spells: 11/11 levels left

rFire   . . .        r - +2 broad axe (freeze)
rCold   + . .        c - +0 buckler
rNeg    + . .        n - +0 plate armour "Resykuf" {rElec rC+ Str+4 SInv}
rPois   inf          (no helmet)
rElec   +            k - +0 cloak
rCorr   .            (no gloves)
SInv    +            f - +1 pair of boots
Will    .....        (no amulet) Stlth
                     b - ring "Kazino" {AC+4 Int+4}
HPRegen 0.32/turn    (no ring)
MPRegen 0.16/turn

%: no passive effects
@: heroic
A: sickness immunity, AC +8, negative energy resistance 1, electricity
resistance, torment resistance 1, petrification resistance
a: Renounce Religion, Heroism, Finesse, Duel


You were on level 3 of the Lair of Beasts.
You worshipped Okawaru.
Okawaru was extremely pleased with you.
You visited 3 branches of the dungeon, and saw 12 of its levels.

You collected 474 gold pieces.


Innate Abilities, Weirdness & Mutations

You are immune to sickness and miasma.
Your stone body is resilient. (AC +8)
You are immune to poison.
You resist negative energy. (rN+)
You are resistant to electric shocks. (rElec)
You are resistant to unholy torment.
You are immune to petrification.


   Skills:
 - Level 10.0(15.0) Fighting
 + Level 12.7(17.7) Axes
 - Level 1.4(6.4) Throwing
 - Level 9.0(14.0) Armour
 - Level 2.1(7.1) Dodging
 - Level 6.0(11.0) Shields
 - Level 10.0 Invocations


You had 11 spell levels left.
You didn't know any spells.
Your spell library was empty.

Inventory:

Hand Weapons
 h - a +0 flail of holy wrath
 p - a +0 morningstar
 r - a +2 broad axe of freezing (weapon)
Missiles
 j - a boomerang (quivered)
Armour
 c - a +0 buckler (worn)
 f - a +1 pair of boots (worn)
 k - a +0 cloak (worn)
 n - the +0 plate armour "Resykuf" (worn) {rElec rC+ Str+4 SInv}
   (You found it on level 7 of the Dungeon)

   Str:       It affects your strength (+4).
   rC:        It protects you from cold.
   rElec:     It insulates you from electricity.
   SInv:      It lets you see invisible.
Jewellery
 b - the ring "Kazino" (left hand) {AC+4 Int+4}
   (You found it on level 8 of the Dungeon)

   [ring of protection]

   AC:        It affects your AC (+4).
   Int:       It affects your intelligence (+4).
 l - a ring of see invisible
Scrolls
 g - 4 scrolls of identify
Potions
 a - a potion of degeneration {unknown}
 d - 5 potions of might
 e - a potion of curing
 i - 2 potions of mutation
 o - a potion of lignification
 q - a potion of magic

Dungeon Overview and Level Annotations

Branches:
Dungeon (8/15)             Temple (1/1) D:6            Lair (3/5) D:8
 Spider (0/4) Lair:2
  Swamp: Lair:2-3    Shoals: Lair:2-3

Altars:
Ashenzari
Cheibriados
Dithmenos
Fedhas
Gozag
Hepliaklqana
Kikubaaqudgha
Makhleb
Nemelex Xobeh
Okawaru
Qazlal
Ru
Sif Muna
Trog
Uskayaw
Vehumet
Wu Jian
Xom
Yredelemnul
Zin
The Shining One

Annotations:
D:3 2 transporters


Message History

You slash the plant! You freeze the plant.
A nearby plant withers and dies.
You slice the komodo dragon!! You freeze the komodo dragon!
The komodo dragon is heavily wounded.
You slash the fungus! You freeze the fungus. You slice the fungus!!
You freeze the fungus. The komodo dragon bites you.
You hit the komodo dragon but do no damage.
The komodo dragon is heavily wounded.
You slash the fungus! You freeze the fungus. You hit the fungus.
You freeze the fungus.
A nearby fungus withers and dies. x2; The cane toad stings the fungus!
The fungus begins to die.
You barely miss the komodo dragon.
The komodo dragon is heavily wounded.
You closely miss the yak.
The komodo dragon bites you but does no damage.
You block the yak's attack.
You slice the komodo dragon!! You freeze the komodo dragon.
You kill the komodo dragon!
Okawaru accepts your kill.
You can now enter into single combat with a foe.
Okawaru will now gift you equipment as you gain piety.
You slash the yak! You freeze the yak.
You hear a bellow! x3
You slash the yak! You freeze the yak.
The yak is heavily wounded.
The yak gores you but does no damage.
You barely miss the yak.
The yak is heavily wounded.
You slash the cane toad! You freeze the cane toad.
You hit the yak but do no damage. The yak gores you but does no damage.
The yak gores you.
You slice the yak!! You freeze the yak.
You kill the yak!
Okawaru accepts your kill.
You hit the cane toad but do no damage. You hit the yak. You freeze the yak.
A nearby fungus withers and dies.
You block the cane toad's attack. The yak gores you.
You die...

....
...# ...
..### #
...## .#
...#..#
##.....#
#.@F.#
##Y%.#
..#..#
##...##
... .
..#...
#... ..
.....###


You could see a yak and a cane toad.

Vanquished Creatures
  A hydra (Lair:3)
  A catoblepas (Lair:2)
  3 death yaks (Lair:1)
  A black mamba (Lair:2)
  4 cane toads
  4 komodo dragons
  A polar bear (Lair:1)
  24 blink frogs
  A hornet (D:6)
  3 wyverns
  19 yaks
  4 basilisks
  Eustachio (D:4)
  Grum (Lair:1)
  2 redbacks (Lair:2)
  3 steam dragons
  Edmund (D:5)
  4 water moccasins
  Pargi (D:3)
  2 ice beasts
  3 orc warriors (D:8)
  3 sky beasts
  18 wolves
  A centaur (D:8)
  2 phantoms (D:7)
  7 bullfrogs
  A scorpion (D:7)
  7 wights (D:8)
  2 electric eels
  10 howler monkeys
  7 hounds
  5 orc priests
  A gnoll bouda (D:8)
  A jelly (D:5)
  A sleepcap (D:8)
  2 iguanas
  5 orc wizards
  10 adders
  8 gnolls
  7 white imps
  An ufetubus (D:7)
  A worm (D:2)
  24 orcs
  3 bats
  5 endoplasms
  2 giant cockroaches
  6 goblins
  5 hobgoblins
  2 quokkas (D:5)
  5 ball pythons
  4 frilled lizards
  3 kobolds
  2 rats (D:2)
245 creatures vanquished.

Vanquished Creatures (others)
  An orc (D:8)
1 creature vanquished.

Grand Total: 246 creatures vanquished

Notes
Turn   | Place    | Note
-------+----------+-------------------------------------------
     0 | D:1      | qw the Gargoyle Fighter began the quest for the Orb.
     0 | D:1      | Reached XP level 1. HP: 14/14 MP: 1/1
     0 | D:1      | 0 ||| qw: Version: 0.2-a-29-gc1b59c4
     0 | D:1      | 0 ||| qw: Game counter: 4648
     0 | D:1      | 0 ||| qw: Always use a shield: true
     0 | D:1      | 0 ||| qw: God list: Okawaru
     0 | D:1      | 0 ||| qw: Allow faded altars: false
     0 | D:1      | 0 ||| qw: Do Orc after D:15 true
     0 | D:1      | 0 ||| qw: Do second Lair branch before Depths: true
     0 | D:1      | 0 ||| qw: Lair rune preference: random
     0 | D:1      | 0 ||| qw: Plans: Normal, Zot:1-4, Slime:5, God:TSO, Crypt,
                  | Tomb, Abyss, Pan, Hells, Win
     0 | D:1      | 0 ||| PLANNING D:1-11
    66 | D:1      | Reached skill level 2 in Axes
   220 | D:1      | Reached XP level 2. HP: 19/19 MP: 2/2
   391 | D:1      | Found a faded altar of an unknown god.
   591 | D:1      | 591 ||| READING scroll labelled RERIPN YQAA.
   592 | D:1      | 592 ||| READING scroll labelled NOUCUWK WAONKU.
   593 | D:1      | 593 ||| READING scroll labelled PORPHA RUNYXOY.
   637 | D:2      | Reached skill level 3 in Axes
   637 | D:2      | Reached XP level 3. HP: 19/23 MP: 3/3
  1036 | D:2      | 1036 ||| UPGRADING to +0 pair of boots.
  1041 | D:2      | 1041 ||| UPGRADING to ring of see invisible.
  1042 | D:2      | 1042 ||| READING 3 scrolls labelled TECIFRU WOIRPH.
  1047 | D:2      | 1047 ||| READING scroll labelled QISTRO SECISASE.
  1048 | D:2      | 1048 ||| READING scroll labelled HIPEYM KEEHACK.
  1080 | D:3      | 1080 ||| READING scroll of enchant armour.
  1080 | D:3      | 1080 ||| ENCHANTING +0 pair of boots.
  1108 | D:3      | 1108 ||| Stepping ~*~*~tactically~*~*~ (stealth).
  1109 | D:3      | Found a transporter.
  1152 | D:3      | Noticed Pargi
  1170 | D:3      | Killed Pargi
  1171 | D:3      | Reached skill level 4 in Axes
  1171 | D:3      | Reached XP level 4. HP: 12/28 MP: 4/4
  1171 | D:3      | Reached XP level 5. HP: 14/32 MP: 5/5
  1520 | D:3      | Reached skill level 5 in Axes
  1545 | D:3      | Found a transporter.
  1623 | D:3      | 1623 ||| Stepping ~*~*~tactically~*~*~ (stealth).
  1915 | D:3      | 1915 ||| READING scroll labelled UBRENO HIUTEQU.
  1916 | D:3      | 1916 ||| READING 2 scrolls of identify.
  1916 | D:3      | 1916 ||| IDENTIFYING silvery potion
  2105 | D:4      | 2105 ||| Stepping ~*~*~tactically~*~*~ (stealth).
  2121 | D:4      | 2121 ||| DROPPING +0 club.
  2140 | D:4      | Noticed Eustachio
  2187 | D:4      | HP: 5/33 [Eustachio/+0 rapier (6)]
  2188 | D:4      | 2188 ||| READING 2 scrolls of teleportation.
  2314 | D:4      | 2314 ||| Stepping ~*~*~tactically~*~*~ (stealth).
  2316 | D:4      | 2316 ||| Stepping ~*~*~tactically~*~*~ (stealth).
  2450 | D:4      | 2450 ||| Stepping ~*~*~tactically~*~*~ (hiding).
  2451 | D:4      | 2451 ||| Stepping ~*~*~tactically~*~*~ (hiding).
  2453 | D:4      | 2453 ||| FLEEEEING.
  2454 | D:4      | HP: 6/33 [white imp[Eustachio] (4)]
  2455 | D:4      | 2455 ||| READING scroll of teleportation.
  2512 | D:4      | 2512 ||| Stepping ~*~*~tactically~*~*~ (stealth).
  2527 | D:4      | Reached XP level 6. HP: 20/38 MP: 6/6
  2667 | D:4      | Found a broken altar of Ashenzari.
  3059 | D:4      | 3059 ||| FLEEEEING.
  3060 | D:4      | 3060 ||| FLEEEEING.
  3062 | D:4      | 3062 ||| FLEEEEING.
  3063 | D:4      | 3063 ||| FLEEEEING.
  3066 | D:4      | Killed Eustachio
  3067 | D:4      | Reached skill level 6 in Axes
  3306 | D:5      | Entered Level 5 of the Dungeon
  3319 | D:5      | Reached XP level 7. HP: 43/43 MP: 7/7
  3466 | D:5      | Reached skill level 1 in Dodging
  3479 | D:5      | HP: 10/43 [white imp/puff of frost (2)]
  3487 | D:5      | HP: 6/43 [gnoll/+0 flail (6)]
  3512 | D:5      | 3512 ||| Stepping ~*~*~tactically~*~*~ (stealth).
  3517 | D:5      | 3517 ||| Stepping ~*~*~tactically~*~*~ (stealth).
  3621 | D:5      | 3621 ||| DROPPING +0 whip.
  3772 | D:5      | Identified the +0 dagger of the Valley {flame, *Rage Fly
                  | Will- Str+6}
  3779 | D:5      | 3779 ||| Stepping ~*~*~tactically~*~*~ (stealth).
  3781 | D:5      | 3781 ||| Stepping ~*~*~tactically~*~*~ (stealth).
  3783 | D:5      | 3783 ||| Stepping ~*~*~tactically~*~*~ (stealth).
  3804 | D:5      | Reached skill level 7 in Axes
  3865 | D:5      | 3865 ||| Stepping ~*~*~tactically~*~*~ (stealth).
  3866 | D:5      | 3866 ||| Stepping ~*~*~tactically~*~*~ (stealth).
  3945 | D:5      | Noticed Edmund
  3958 | D:5      | HP: 7/44 [Edmund/+0 flail of holy wrath (6)]
  3959 | D:5      | HP: 3/44 [Edmund/+0 flail of holy wrath (4)]
  3962 | D:5      | Killed Edmund
  4112 | D:5      | 4112 ||| DROPPING +0 flail.
  4113 | D:5      | Found a shimmering altar of Xom.
  4126 | D:5      | 4126 ||| READING scroll of enchant weapon.
  4126 | D:5      | 4126 ||| ENCHANTING +1 war axe.
  4342 | D:5      | 4342 ||| UPGRADING to +0 ring mail of cold resistance.
  4352 | D:5      | 4352 ||| DROPPING +6 ring of intelligence.
  4353 | D:5      | 4353 ||| READING 3 scrolls of identify.
  4353 | D:5      | 4353 ||| IDENTIFYING bubbling puce potion
  4416 | D:6      | Reached XP level 8. HP: 36/49 MP: 8/8
  4493 | D:6      | Found a staircase to the Ecumenical Temple.
  4494 | D:6      | 4494 ||| PLANNING TEMPLE
  4502 | Temple   | Entered the Ecumenical Temple
  4513 | Temple   | 4513 ||| PLANNING OKAWARU WORSHIP
  4531 | Temple   | Became a worshipper of Warmaster Okawaru
  4531 | Temple   | 4531 ||| PLANNING D:1-11
  4616 | D:6      | 4616 ||| Stepping ~*~*~tactically~*~*~ (stealth).
  4950 | D:6      | Noticed a hornet
  4957 | D:6      | Killed a hornet
  4958 | D:6      | Reached skill level 8 in Axes
  5137 | D:6      | Reached skill level 6 in Fighting
  5282 | D:6      | 5282 ||| Stepping ~*~*~tactically~*~*~ (hiding).
  5424 | D:6      | 5424 ||| READING scroll labelled QIEFUMIHED.
  5492 | D:7      | 5492 ||| Stepping ~*~*~tactically~*~*~ (cloud).
  5500 | D:7      | Reached * piety under Okawaru
  5501 | D:7      | 5501 ||| FLEEEEING.
  5502 | D:7      | 5502 ||| FLEEEEING.
  5503 | D:7      | 5503 ||| FLEEEEING.
  5504 | D:7      | 5504 ||| FLEEEEING.
  5505 | D:7      | 5505 ||| FLEEEEING.
  5506 | D:7      | 5506 ||| STAIRDANCE
  5638 | D:7      | Reached skill level 1 in Invocations
  5640 | D:7      | Reached skill level 9 in Axes
  5802 | D:7      | 5802 ||| READING scroll of enchant weapon.
  5802 | D:7      | 5802 ||| ENCHANTING +2 war axe.
  5811 | D:7      | Found a glowing silver altar of Zin.
  5888 | D:7      | 5888 ||| INVOKING Heroism.
  5894 | D:7      | Reached XP level 9. HP: 55/55 MP: 7/10
  6109 | D:7      | Reached skill level 3 in Invocations
  6249 | D:7      | Identified the +0 plate armour "Resykuf" {rElec rC+ Str+4
                  | SInv}
  6469 | D:7      | 6469 ||| DROPPING +0 scale mail.
  6470 | D:7      | 6470 ||| UPGRADING to +0 cloak.
  6475 | D:7      | 6475 ||| UPGRADING to +0 plate armour "Resykuf" {rElec rC+
                  | Str+4 SInv}.
  6485 | D:7      | 6485 ||| REMOVING ring of see invisible.
  6486 | D:7      | 6486 ||| DROPPING +0 ring mail of cold resistance.
  6487 | D:7      | 6487 ||| READING 5 scrolls of identify.
  6487 | D:7      | 6487 ||| IDENTIFYING sedimented silvery potion
  6523 | D:8      | Found a burning altar of Makhleb.
  6527 | D:8      | 6527 ||| INVOKING Heroism.
  6584 | D:8      | Found a sparkling altar of Nemelex Xobeh.
  6599 | D:8      | 6599 ||| Stepping ~*~*~tactically~*~*~ (stealth).
  6623 | D:8      | 6623 ||| INVOKING Heroism.
  6627 | D:8      | 6627 ||| DRINKING 2 potions of curing.
  6627 | D:8      | 6627 ||| (to cure confusion)
  6628 | D:8      | 6628 ||| Stepping ~*~*~tactically~*~*~ (hiding).
  6704 | D:8      | Reached skill level 1 in Throwing
  6707 | D:8      | Reached ** piety under Okawaru
  6708 | D:8      | Reached skill level 6 in Armour
  6737 | D:8      | 6737 ||| DROPPING +3 flail.
  6821 | D:8      | 6821 ||| INVOKING Heroism.
  6987 | D:8      | Found a radiant altar of Vehumet.
  6992 | D:8      | 6992 ||| Stepping ~*~*~tactically~*~*~ (stealth).
  6993 | D:8      | Found an ancient bone altar of Kikubaaqudgha.
  7010 | D:8      | Found a shimmering blue altar of Sif Muna.
  7061 | D:8      | Reached XP level 10. HP: 51/63 MP: 13/13
  7114 | D:8      | 7114 ||| Stepping ~*~*~tactically~*~*~ (hiding).
  7115 | D:8      | 7115 ||| Stepping ~*~*~tactically~*~*~ (hiding).
  7116 | D:8      | 7116 ||| Stepping ~*~*~tactically~*~*~ (hiding).
  7117 | D:8      | 7117 ||| Stepping ~*~*~tactically~*~*~ (hiding).
  7120 | D:8      | 7120 ||| INVOKING Heroism.
  7133 | D:8      | Reached skill level 10 in Axes
  7168 | D:8      | 7168 ||| FLEEEEING.
  7169 | D:8      | 7169 ||| FLEEEEING.
  7174 | D:8      | 7174 ||| FLEEEEING.
  7175 | D:8      | 7175 ||| FLEEEEING.
  7176 | D:8      | 7176 ||| FLEEEEING.
  7177 | D:8      | 7177 ||| FLEEEEING.
  7178 | D:8      | 7178 ||| FLEEEEING.
  7179 | D:8      | 7179 ||| FLEEEEING.
  7184 | D:8      | 7184 ||| FLEEEEING.
  7185 | D:8      | 7185 ||| FLEEEEING.
  7186 | D:8      | 7186 ||| FLEEEEING.
  7187 | D:8      | 7187 ||| FLEEEEING.
  7188 | D:8      | 7188 ||| FLEEEEING.
  7190 | D:8      | 7190 ||| FLEEEEING.
  7192 | D:8      | 7192 ||| FLEEEEING.
  7193 | D:8      | 7193 ||| FLEEEEING.
  7194 | D:8      | 7194 ||| FLEEEEING.
  7195 | D:8      | 7195 ||| FLEEEEING.
  7196 | D:8      | 7196 ||| FLEEEEING.
  7197 | D:8      | 7197 ||| FLEEEEING.
  7198 | D:8      | 7198 ||| FLEEEEING.
  7199 | D:8      | 7199 ||| FLEEEEING.
  7200 | D:8      | 7200 ||| FLEEEEING.
  7201 | D:8      | 7201 ||| FLEEEEING.
  7202 | D:8      | 7202 ||| FLEEEEING.
  7203 | D:8      | 7203 ||| FLEEEEING.
  7204 | D:8      | 7204 ||| FLEEEEING.
  7205 | D:8      | 7205 ||| FLEEEEING.
  7206 | D:8      | 7206 ||| STAIRDANCE
  7262 | D:7      | 7262 ||| READING 4 scrolls of identify.
  7262 | D:7      | 7262 ||| IDENTIFYING lumpy red potion
  7263 | D:7      | 7263 ||| DROPPING potion of enlightenment.
  7310 | D:8      | 7310 ||| Stepping ~*~*~tactically~*~*~ (stealth).
  7312 | D:8      | 7312 ||| Stepping ~*~*~tactically~*~*~ (hiding).
  7366 | D:8      | Identified the ring "Kazino" {AC+4 Int+4}
  7416 | D:8      | Found a hide-covered altar of Uskayaw.
  7437 | D:8      | 7437 ||| INVOKING Heroism.
  7463 | D:8      | 7463 ||| INVOKING Heroism.
  7609 | D:8      | 7609 ||| SWAPPING to +2 broad axe of freezing.
  7610 | D:8      | 7610 ||| DROPPING +3 war axe.
  7711 | D:8      | Found a staircase to the Lair.
  7750 | D:8      | 7750 ||| INVOKING Heroism.
  7827 | D:8      | 7827 ||| PLANNING LAIR
  7827 | D:8      | 7827 ||| UPGRADING to ring "Kazino" {AC+4 Int+4}.
  7828 | D:8      | 7828 ||| READING 3 scrolls of identify.
  7828 | D:8      | 7828 ||| IDENTIFYING fuming puce potion
  7833 | Lair:1   | Entered Level 1 of the Lair of Beasts
  7863 | Lair:1   | Noticed Grum
  7864 | Lair:1   | 7864 ||| INVOKING Heroism.
  7873 | Lair:1   | Killed Grum
  7895 | Lair:1   | 7895 ||| Stepping ~*~*~tactically~*~*~ (stealth).
  7897 | Lair:1   | 7897 ||| INVOKING Heroism.
  7899 | Lair:1   | Noticed a cane toad
  7905 | Lair:1   | Reached *** piety under Okawaru
  7910 | Lair:1   | Killed a cane toad
  7916 | Lair:1   | Reached skill level 11 in Axes
  7917 | Lair:1   | Reached **** piety under Okawaru
  7918 | Lair:1   | 7918 ||| INVOKING Heroism.
  8033 | Lair:1   | Noticed a death yak
  8034 | Lair:1   | 8034 ||| INVOKING Heroism.
  8035 | Lair:1   | Noticed a death yak
  8040 | Lair:1   | Noticed a death yak
  8046 | Lair:1   | Killed a death yak
  8047 | Lair:1   | Reached skill level 9 in Fighting
  8047 | Lair:1   | Reached XP level 11. HP: 57/72 MP: 12/14
  8054 | Lair:1   | Killed a death yak
  8054 | Lair:1   | Reached ***** piety under Okawaru
  8055 | Lair:1   | 8055 ||| INVOKING Finesse.
  8059 | Lair:1   | HP: 6/72 [death yak (19)]
  8060 | Lair:1   | 8060 ||| READING 2 scrolls of teleportation.
  8061 | Lair:1   | 8061 ||| DRINKING potion of heal wounds.
  8064 | Lair:1   | Killed a death yak
  8066 | Lair:1   | 8066 ||| INVOKING Heroism.
  8287 | Lair:1   | 8287 ||| INVOKING Heroism.
  8293 | Lair:1   | Reached skill level 6 in Invocations
  8296 | Lair:1   | Received a gift from Okawaru
  8381 | Lair:1   | 8381 ||| INVOKING Heroism.
  8388 | Lair:1   | 8388 ||| Stepping ~*~*~tactically~*~*~ (stealth).
  8406 | Lair:1   | 8406 ||| INVOKING Heroism.
  8557 | Lair:1   | 8557 ||| INVOKING Heroism.
  8607 | Lair:1   | 8607 ||| INVOKING Heroism.
  8681 | Lair:1   | 8681 ||| INVOKING Heroism.
  8685 | Lair:1   | Received a gift from Okawaru
  9023 | Lair:2   | 9023 ||| INVOKING Heroism.
  9031 | Lair:2   | Reached skill level 12 in Axes
  9036 | Lair:2   | Reached XP level 12. HP: 76/77 MP: 16/18
  9247 | Lair:2   | 9247 ||| INVOKING Heroism.
  9275 | Lair:2   | Reached skill level 6 in Shields
  9323 | Lair:2   | 9323 ||| Stepping ~*~*~tactically~*~*~ (stealth).
  9328 | Lair:2   | 9328 ||| Stepping ~*~*~tactically~*~*~ (stealth).
  9329 | Lair:2   | 9329 ||| Stepping ~*~*~tactically~*~*~ (stealth).
  9336 | Lair:2   | Reached skill level 9 in Invocations
  9450 | Lair:2   | 9450 ||| INVOKING Heroism.
  9543 | Lair:2   | 9543 ||| Stepping ~*~*~tactically~*~*~ (hiding).
  9581 | Lair:2   | 9581 ||| INVOKING Heroism.
  9724 | Lair:2   | Noticed a catoblepas
  9725 | Lair:2   | 9725 ||| INVOKING Heroism.
  9726 | Lair:2   | 9726 ||| INVOKING Finesse.
  9747 | Lair:2   | Killed a catoblepas
  9795 | Lair:2   | Found a hole to the Spider Nest.
  9854 | Lair:2   | 9854 ||| Stepping ~*~*~tactically~*~*~ (stealth).
  9856 | Lair:2   | 9856 ||| INVOKING Heroism.
  9944 | Lair:2   | 9944 ||| Stepping ~*~*~tactically~*~*~ (stealth).
  9962 | Lair:2   | Reached skill level 9 in Armour
 10635 | Lair:3   | 10635 ||| Stepping ~*~*~tactically~*~*~ (stealth).
 10638 | Lair:3   | Noticed an eight-headed hydra
 10639 | Lair:3   | 10639 ||| Stepping ~*~*~tactically~*~*~ (stealth).
 10640 | Lair:3   | 10640 ||| INVOKING Heroism.
 10641 | Lair:3   | 10641 ||| SWAPPING to +0 morningstar.
 10650 | Lair:3   | HP: 12/77 [eight-headed hydra (11)]
 10651 | Lair:3   | 10651 ||| READING scroll of teleportation.
 10652 | Lair:3   | Killed an eight-headed hydra
 10653 | Lair:3   | 10653 ||| SWAPPING to +2 broad axe of freezing.
 10656 | Lair:3   | HP: 9/77 [yak (3)]
 10663 | Lair:3   | HP: 6/77 [komodo dragon (5)]
 10668 | Lair:3   | HP: 4/77 [yak (3)]
 10669 | Lair:3   | Slain by a yak

Levels and vault maps discovered:
D:1:      minmay_arrival_three_doors, layout_rooms,
          hellmonk_ecumenical_altar_zigzags
D:2:      layout_basic, minivault_5
D:3:      gammafunk_steamed_eel, layout_basic, serial_glass, glass_columns_c,
          glass_columns_a, kennysheep_cross_room,
          hangedman_decor_clover_reticule, uniq_pargi
D:4:      layout_basic, evilmike_ruin_ashenzari, kennysheep_decorative_pillar,
          uniq_eustachio
D:5:      layout_loops_cross, mainiacjoe_overflow_tiny_flanked, uniq_edmund
D:6:      layout_gridville, minmay_temple_entry_antechambers
D:7:      layout_loops_cross, zin_statuary, serial_rivers,
          chequers_serial_rivers_large_a, chequers_serial_rivers_small_a,
          chequers_serial_rivers_micro_d, chequers_serial_rivers_room_b
D:8:      layout_basic, grunt_temple_overflow_magic_moments,
          kennysheep_mini_moat, mainiacjoe_overflow_catch_the_wave,
          david_lair_shrubbed, kennysheep_generic_room_7
Temple:   hellmonk_temple_two_chambers
Lair:1:   layout_regular_city, st_stairs_11, beast_lair_carwin_11,
          serial_bayou_shore_a, grunt_megastairs_3, uniq_grum
Lair:2:   layout_cave_pods, spider_nest_entry_webs, nicolae_lair_grazing_beasts
          [nicolae_sub_lair_graze_edge, nicolae_sub_lair_graze_edge,
          nicolae_sub_lair_graze_edge, nicolae_sub_lair_graze_edge]
Lair:3:   layout_loops_ring, skrybe_swamp_entry_bodies

Skill      XL: |  1  2  3  4  5  6  7  8  9 10 11 12 |
---------------+-------------------------------------+-----
Axes           | 2 3 4 5 6 7 9 11 12 | 12.7
Fighting       | 4 5 6 7 9 10 | 10.0
Dodging        | 1 2 |  2.1
Invocations    | 2 4 8 10 | 10.0
Shields        | 4 5 6 |  6.0
Armour         | 6 7 8 9 |  9.0
Throwing       | 1 |  1.4

Action                     |  1- 3 |  4- 6 |  7- 9 | 10-12 || total
---------------------------+-------+-------+-------+-------++-------
  Melee: War axe           |   105 |   186 |   307 |    65 ||   663
         Broad axe         |       |       |       |   313 ||   313
         Morningstar       |       |       |       |    10 ||    10
  Throw: Boomerang         |       |       |     9 |   113 ||   122
 Invoke: Heroism           |       |       |     4 |    22 ||    26
         Finesse           |       |       |       |     2 ||     2
    Use: Scroll            |     7 |     4 |     5 |     4 ||    20
         Potion            |       |       |     1 |     1 ||     2
 Armour: Scale mail        |    61 |   157 |    58 |       ||   276
         Ring mail         |       |       |    59 |       ||    59
         Plate armour      |       |       |    47 |   285 ||   332
  Dodge: Dodged            |    53 |   141 |   129 |   168 ||   491
  Block: Buckler           |    26 |    51 |    51 |   102 ||   230

Table legend:
 A = Non-vault XP
 B = Vault XP
 C = Vault XP percentage of total XP
 D = Non-vault monster count
 E = Vault monster count
 F = Vault count percentage of total count
                 A         B        C        D         E       F
            +---------+---------+-------+---------+---------+-------
      Total |   22488 |    6200 |  21.6 |     214 |      32 |  13.0
            +---------+---------+-------+---------+---------+-------
        D:1 |      20 |       0 |   0.0 |      12 |       0 |   0.0
        D:2 |      31 |       0 |   0.0 |      11 |       0 |   0.0
        D:3 |      54 |     132 |  71.0 |      13 |       1 |   7.1
        D:4 |     156 |     191 |  55.0 |      16 |       1 |   5.9
        D:5 |     443 |     158 |  26.3 |      21 |       1 |   4.5
        D:6 |     597 |       0 |   0.0 |       8 |       0 |   0.0
        D:7 |    1186 |       0 |   0.0 |      19 |       0 |   0.0
        D:8 |    2138 |     682 |  24.2 |      44 |       3 |   6.4
     Lair:1 |    8237 |    3846 |  31.8 |      28 |      23 |  45.1
     Lair:2 |    7143 |    1191 |  14.3 |      34 |       3 |   8.1
     Lair:3 |    2483 |       0 |   0.0 |       8 |       0 |   0.0
            +---------+---------+-------+---------+---------+-------
